 Dungeon Crawl Stone Soup version 0.26.0-57-g60708a5e39 (webtiles) character file.

Game seed: 3180309636135108286

142 Eurus the Insei (level 5, 0/42 HPs)
             Began as a Draconian Transmuter on Feb 1, 2021.
             Succumbed to a scorpion's poison
             ... in the Ecumenical Temple.
             The game lasted 00:05:43 (2408 turns).

Eurus the Insei (Draconian Transmuter)              Turns: 2408, Time: 00:05:44

Health: 0/42       AC:  5    Str: 12    XL:     5   Next: 3%
Magic:  9/9        EV: 13    Int: 14    God:
Gold:   183        SH:  0    Dex: 12    Spells: 6/9 levels left

rFire    . . .     SeeInvis .     - Unarmed
rCold    . . .     Faith    .   (no shield)
rNeg     . . .     Spirit   .   (armour unavailable)
rPois    .         Reflect  .   (helmet currently unavailable)
rElec    .         Harm     .   (no cloak)
rCorr    .         Rampage  .   (no gloves)
Will     .....                  (boots currently unavailable)
Stlth    +.........             (no amulet)
HPRegen  0.14/turn              (no ring)
MPRegen  0.11/turn              (no ring)

@: mighty, lethally poisoned (0 -> -5), appendages (expiring)
A: unfitting armour, horns 2, talons 2, cold-blooded, AC +5
a: End Transformation


You were in the Ecumenical Temple.
You had grown temporary horns.
You had grown temporary talons.
You visited 2 branches of the dungeon, and saw 5 of its levels.

You collected 183 gold pieces.

Inventory:

Armour
 m - a +1 pair of boots (melded)
Jewellery
 p - an uncursed ring of willpower {unknown}
 q - an uncursed amulet of guardian spirit {unknown}
Scrolls
 a - 3 scrolls of identify {unknown}
 c - 5 scrolls of teleportation {unknown}
 e - a scroll of remove curse {unknown}
 i - a scroll of magic mapping {unknown}
 j - a scroll of blinking {unknown}
 k - a scroll of enchant armour {unknown}
Potions
 b - a potion of might
 f - a potion of haste {unknown}
 g - a potion of lignification {unknown}
 h - a potion of attraction {unknown}
 l - a potion of cancellation {unknown}
 n - 2 potions of degeneration {unknown}
 o - 2 potions of brilliance {unknown}


   Skills:
 + Level 2.5 Fighting
 + Level 2.6 Dodging
 + Level 3.7 Unarmed Combat
 + Level 2.7 Spellcasting
 + Level 2.9 Transmutations


You had 6 spell levels left.
You knew the following spells:

 Your Spells              Type           Power        Failure   Level
a - Beastly Appendage     Tmut           20%          7%          1
b - Wereblood             Tmut           10%          10%         2

Your spell library contained the following spells:

 Spells                   Type           Power        Failure   Level
 Spider Form              Tmut/Pois      3%           36%         3
 Ice Form                 Ice/Tmut       6%           77%         4
 Blade Hands              Tmut           5%           88%         5


Dungeon Overview and Level Annotations

Branches:
Dungeon (5/15)             Temple (1/1) D:5

Altars:
Ashenzari
Cheibriados
Makhleb
Uskayaw
Yredelemnul

Annotations:
D:5 Sigmund


Innate Abilities, Weirdness & Mutations

Your plain brown scales are hard. (AC +5)
You cannot fit into any form of body armour.
You are cold-blooded and may be slowed by cold attacks.
You have a pair of horns on your head.
You have razor-sharp toenails.


Message History

The adder misses you. The scorpion stings you!
* * * LOW HITPOINT WARNING * * *
You are poisoned.
The scorpion poisons you!
You barely miss the adder. Your kick misses the adder.
The adder is almost dead.
You feel sick. The adder misses you. The scorpion stings you.
* * * LOW HITPOINT WARNING * * *
Okay, then.
It was a potion of might.
You feel very mighty all of a sudden.
* * * LOW HITPOINT WARNING * * *
You feel sick. The adder bites you.
* * * LOW HITPOINT WARNING * * *
The scorpion completely misses you.
You closely miss the adder. Your headbutt misses the adder.
The adder is almost dead.
The adder bites you but does no damage. The adder closely misses you.
It was a potion of magic.
Magic courses through your body.
You die...

≈≈§§§≈≈≈≈≈§§§≈≈
§§§≈≈≈≈≈§§§≈§§§
≈§≈≈≈≈≈≈≈§§≈§§§
≈≈≈≈§≈...≈≈≈§≈§
≈≈§≈≈.....≈≈§§§
≈≈≈≈.......≈§§§
§§≈.........§≈§
≈§....Ss.....≈§
≈.§....@†....§§
...............
...............
...............
._..........._.
...............
...............
...............


You could see a scorpion and an adder.

Vanquished Creatures
  An iguana (D:5)
  4 adders
  2 worms (D:2)
  2 dart slugs (D:1)
  3 leopard geckos
  2 orcs (D:3)
  A ball python (D:1)
  2 giant cockroaches (D:1)
  5 hobgoblins
  3 jackals (D:1)
  A quokka (D:3)
  14 bats
  6 frilled lizards
  3 goblins
  13 kobolds
  9 rats
71 creatures vanquished.

Notes
Turn   | Place    | Note
-------+----------+-------------------------------------------
     0 | D:1      | Eurus the Draconian Transmuter began the quest for the Orb.
     0 | D:1      | Reached XP level 1. HP: 16/16 MP: 3/3
   154 | D:1      | Reached XP level 2. HP: 23/23 MP: 3/5
   309 | D:1      | Learned a level 2 spell: Wereblood
   329 | D:1      | Reached XP level 3. HP: 27/29 MP: 4/6
   908 | D:2      | Found a basalt altar of Yredelemnul.
  1075 | D:2      | Reached XP level 4. HP: 36/36 MP: 5/7
  2220 | D:3      | Found a broken altar of Ashenzari.
  2221 | D:3      | Found a burning altar of Makhleb.
  2338 | D:3      | You fall into a shaft and drop 2 floors!
  2338 | D:5      | Entered Level 5 of the Dungeon
  2339 | D:5      | Noticed Sigmund
  2354 | D:5      | Reached XP level 5. HP: 25/42 MP: 7/9
  2387 | D:5      | Found a staircase to the Ecumenical Temple.
  2398 | Temple   | Entered the Ecumenical Temple
  2406 | Temple   | HP: 1/42 [adder (4)]
  2408 | Temple   | Succumbed to a scorpion's poison

Illustrated notes

Levels and vault maps discovered:
D:1:      dpeg_arrival_water_temple_mockup, layout_basic, minmay_vboxes
D:2:      layout_loops_ring, yredelemnul_altar_generic
D:3:      layout_basic, gammafunk_temple_overflow_pools, grunt_decor_resistance,
          kennysheep_generic_room_2
D:5:      layout_rooms, nicolae_ru_the_path_less_chosen, old_standard_altar,
          minmay_temple_entry_junction_2, chequers_arboretum, uniq_grinder,
          uniq_sigmund
Temple:   compressed_dpeg_triangle_lava_temple

Skill      XL: |  1  2  3 |
---------------+----------+-----
Dodging        | 2 |  2.6
Fighting       | 2 |  2.5
Unarmed Combat | |  3.7
Spellcasting   | |  2.7
Transmutations | |  2.9

Action                   |  1- 3 |  4- 6 || total
-------------------------+-------+-------++-------
Melee: Unarmed           |   110 |    65 ||   175
       Headbutt          |    14 |     4 ||    18
       Kick              |    17 |    13 ||    30
       Tailslap          |     8 |     7 ||    15
       Punch             |     1 |       ||     1
 Cast: Beastly Appendage |    17 |    10 ||    27
       Wereblood         |     1 |       ||     1
  Use: Potion            |       |     2 ||     2
 Stab: Sleeping          |       |     1 ||     1
Armor: Skin              |    41 |    24 ||    65
Dodge: Dodged            |    58 |    62 ||   120
